APP
SAN FRANCISCO (APP) GIANTS @ PHILADELPHIA (APP) PHILLIES
05/30/2045
 
TOP OF THE 1ST
San Francisco (APP) Giants batting - Pitching for Philadelphia (APP) Phillies : LHP Shirou Yoshida
Pitching: LHP Shirou Yoshida
Batting: RHB Nick Wicker 0-0: Ball
1-0: Foul Ball, location: 2F
1-1: Fly out, F8 (Line Drive, 8RD, EV 91.2 MPH)
Batting: RHB Cesar Martinez 0-0: Called Strike
0-1: Ball
1-1: Ball
2-1: Ground out 4-3 (Groundball, 4, EV 82.5 MPH)
Batting: SHB David Barona 0-0: Called Strike
0-1: Ball
1-1: Ball
2-1: Ground out 6-3 (Groundball, 6, EV 92.5 MPH)
Top of the 1st over - 0 runs, 0 hits, 0 errors, 0 left on base; San Francisco (APP) 0 - Philadelphia (APP) 0
BOTTOM OF THE 1ST
Philadelphia (APP) Phillies batting - Pitching for San Francisco (APP) Giants : RHP Tong Huang
Pitching: RHP Tong Huang
Batting: LHB Jonathan Roman 0-0: Ball
1-0: Called Strike
1-1: Ball
2-1: Swinging Strike
2-2: Foul Ball, location: 2F
2-2: Strikes out swinging
Batting: RHB Vaclav Been 0-0: Ground out 5-3 (Groundball, 56S, EV 92.5 MPH)
Batting: SHB Marco de Leon 0-0: Foul Ball, location: 2F
0-1: Called Strike
0-2: Foul Ball, location: 2F
0-2: Ball
1-2: Ball
2-2: Ball
3-2: Base on Balls
Batting: RHB Mike Bell 0-0: Ball
1-0: Foul Ball, location: 2F
1-1: Ball
2-1: Fly out, F9 (Flyball, 89S, EV 79.4 MPH)
Bottom of the 1st over - 0 runs, 0 hits, 0 errors, 1 left on base; San Francisco (APP) 0 - Philadelphia (APP) 0
TOP OF THE 2ND
San Francisco (APP) Giants batting - Pitching for Philadelphia (APP) Phillies : LHP Shirou Yoshida
Batting: RHB Edwin Verdugo 0-0: Ball
1-0: Ball
2-0: Ball
3-0: Called Strike
3-1: Fly out, F7 (Flyball, 7LD, EV 96.9 MPH)
Batting: RHB Matt Shepard 0-0: Called Strike
0-1: Ball
1-1: Ball
2-1: Ball
3-1: Base on Balls
Batting: RHB Sadataka Kuwahara 0-0: Fielders Choice at 2nd, 4-6 (Groundball, 4, EV 87.5 MPH)
Batting: RHB Teruhide Horiuchi 0-0: Ball
1-0: Ball
Sadataka Kuwahara steals 2nd base (no throw)
2-0: Ball
3-0: Called Strike
3-1: Base on Balls
Batting: RHB Alexis Andrade 0-0: Called Strike
0-1: Ball
1-1: Foul Ball, location: 2F
1-2: Fielders Choice at 2nd, 5-4 (Groundball, 56, EV 88.1 MPH)
Top of the 2nd over - 0 runs, 0 hits, 0 errors, 2 left on base; San Francisco (APP) 0 - Philadelphia (APP) 0
BOTTOM OF THE 2ND
Philadelphia (APP) Phillies batting - Pitching for San Francisco (APP) Giants : RHP Tong Huang
Batting: RHB Danny Habermehl 0-0: Ball
1-0: Ball
2-0: Ball
3-0: Called Strike
3-1: Ground out 5-3 (Groundball, 5S, EV 81.9 MPH)
Batting: LHB Matt Urbanek 0-0: Swinging Strike
0-1: Ground out 4-3 (Groundball, 34D, EV 78.8 MPH)
Batting: RHB Gary Sampson 0-0: Swinging Strike
0-1: Ball
1-1: Ball
2-1: Foul Ball, location: 2F
2-2: Ball
3-2: Base on Balls
Batting: RHB Juan Valadez 0-0: Called Strike
0-1: Swinging Strike
0-2: Ball
Gary Sampson steals 2nd base
1-2: Foul Ball, location: 2F
1-2: Strikes out swinging
Bottom of the 2nd over - 0 runs, 0 hits, 0 errors, 1 left on base; San Francisco (APP) 0 - Philadelphia (APP) 0
TOP OF THE 3RD
San Francisco (APP) Giants batting - Pitching for Philadelphia (APP) Phillies : LHP Shirou Yoshida
Batting: RHB Bob Schweiger 0-0: Called Strike
0-1: Fly out, F3 (Popup, 3S, EV 68.8 MPH)
Batting: RHB Nick Wicker 0-0: Ball
1-0: Ball
2-0: Fly out, F9 (Line Drive, 9D, EV 86.2 MPH)
Batting: RHB Cesar Martinez 0-0: Ball
1-0: Fly out, F9 (Flyball, 9D, EV 93.1 MPH)
Top of the 3rd over - 0 runs, 0 hits, 0 errors, 0 left on base; San Francisco (APP) 0 - Philadelphia (APP) 0
BOTTOM OF THE 3RD
Philadelphia (APP) Phillies batting - Pitching for San Francisco (APP) Giants : RHP Tong Huang
Batting: RHB Allen Deschamps 0-0: Ball
1-0: Called Strike
1-1: Ball
2-1: Foul Ball, location: 2F
2-2: Foul Ball, location: 2F
2-2: Ball
3-2: Base on Balls
Batting: LHB Jonathan Roman 0-0: Called Strike
0-1: Foul Ball, location: 2F
0-2: Strikes out looking
Batting: RHB Vaclav Been 0-0: Ball
1-0: Called Strike
1-1: Swinging Strike
1-2: Ball
2-2: Foul Ball, location: 2F
2-2: Strikes out swinging
Batting: SHB Marco de Leon 0-0: Swinging Strike
0-1: Foul Ball, location: 2F
0-2: Ball
1-2: Ball
2-2: Fly out, F5 (Popup, 25F, EV 77.5 MPH)
Bottom of the 3rd over - 0 runs, 0 hits, 0 errors, 1 left on base; San Francisco (APP) 0 - Philadelphia (APP) 0
TOP OF THE 4TH
San Francisco (APP) Giants batting - Pitching for Philadelphia (APP) Phillies : LHP Shirou Yoshida
Batting: SHB David Barona 0-0: Called Strike
0-1: Ball
1-1: Called Strike
1-2: Strikes out swinging
Batting: RHB Edwin Verdugo 0-0: Foul Ball, location: 2F
0-1: SOLO HOME RUN (Flyball, 7D, EV 97.5 MPH), Distance : 363 ft
Batting: RHB Matt Shepard 0-0: Fly out, F9 (Flyball, 9LM, EV 86.9 MPH)
Batting: RHB Sadataka Kuwahara 0-0: Ball
1-0: Ball
2-0: Ball
3-0: Base on Balls
Batting: RHB Teruhide Horiuchi 0-0: Called Strike
0-1: Called Strike
0-2: Ball
Sadataka Kuwahara steals 2nd base
1-2: Ground out 4-3 (Groundball, 34, EV 85.6 MPH)
Top of the 4th over - 1 run, 1 hit, 0 errors, 1 left on base; San Francisco (APP) 1 - Philadelphia (APP) 0
BOTTOM OF THE 4TH
Philadelphia (APP) Phillies batting - Pitching for San Francisco (APP) Giants : RHP Tong Huang
Batting: RHB Mike Bell 0-0: Called Strike
0-1: Foul Ball, location: 2F
0-2: Ball
1-2: Strikes out swinging
Batting: RHB Danny Habermehl 0-0: Swinging Strike
0-1: Called Strike
0-2: Strikes out swinging
Batting: LHB Matt Urbanek 0-0: Ball
1-0: Ball
2-0: SINGLE (Groundball, 23, EV 70.6 MPH) (infield hit)
Batting: RHB Gary Sampson 0-0: Called Strike
0-1: Ball
1-1: Ball
2-1: Fly out, F9 (Flyball, 9LM, EV 78.8 MPH)
Bottom of the 4th over - 0 runs, 1 hit, 0 errors, 1 left on base; San Francisco (APP) 1 - Philadelphia (APP) 0
TOP OF THE 5TH
San Francisco (APP) Giants batting - Pitching for Philadelphia (APP) Phillies : LHP Shirou Yoshida
Batting: RHB Alexis Andrade 0-0: Called Strike
0-1: Called Strike
0-2: Foul Ball, location: 2F
0-2: Hit by Pitch
Batting: RHB Bob Schweiger 0-0: Ball
1-0: Ball
2-0: Ball
3-0: Base on Balls
Alexis Andrade to second
Batting: RHB Nick Wicker 0-0: Called Strike
0-1: Ball
1-1: Swinging Strike
1-2: Ball
2-2: Ball
Wild Pitch!
Alexis Andrade to third
Bob Schweiger to second
3-2: Fly out, F9 (Flyball, 89D, EV 106.2 MPH)
Runner from 3rd tags up, SCORES, no throw by RF
Batting: RHB Cesar Martinez 0-0: Called Strike
0-1: TRIPLE (Flyball, 9D, EV 95.0 MPH)
Bob Schweiger scores
Batting: SHB David Barona 0-0: Called Strike
0-1: Called Strike
0-2: Ball
1-2: SINGLE (Line Drive, 4MD, EV 110.0 MPH)
Cesar Martinez scores
Batting: RHB Edwin Verdugo 0-0: Ball
1-0: Ball
2-0: Foul Ball, location: 2F
2-1: Ball
3-1: 2-RUN HOME RUN (Flyball, 7D, EV 94.4 MPH), Distance : 349 ft
Pitching: RHP Josh Howell
Batting: RHB Matt Shepard 0-0: Called Strike
0-1: Swinging Strike
0-2: Strikes out swinging
Batting: RHB Sadataka Kuwahara 0-0: SINGLE (Groundball, 6MS, EV 68.8 MPH) (infield hit)
Batting: RHB Teruhide Horiuchi 0-0: Ball
1-0: Called Strike
Sadataka Kuwahara steals 2nd base
1-1: Foul Ball, location: 2F
1-2: Ball
2-2: Foul Ball, location: 2F
2-2: SINGLE (Groundball, 6M, EV 85.0 MPH) (infield hit)
Sadataka Kuwahara to third
Batting: RHB Alexis Andrade 0-0: Foul Ball, location: 2F
0-1: Ground out U3 (Groundball, 34S, EV 78.8 MPH)
Top of the 5th over - 5 runs, 5 hits, 0 errors, 2 left on base; San Francisco (APP) 6 - Philadelphia (APP) 0
BOTTOM OF THE 5TH
Philadelphia (APP) Phillies batting - Pitching for San Francisco (APP) Giants : RHP Tong Huang
Batting: RHB Juan Valadez 0-0: Ball
1-0: Called Strike
1-1: Ground out 4-3 (Groundball, 4, EV 80.0 MPH)
Batting: RHB Allen Deschamps 0-0: Foul Ball, location: 2F
0-1: Ball
1-1: Foul Ball, location: 2F
1-2: SOLO HOME RUN (Flyball, 78XD, EV 101.9 MPH), Distance : 408 ft
Pitching: RHP Rory Bornt
Batting: LHB Jonathan Roman 0-0: Ball
1-0: Ground out 6-3 (Groundball, 4MS, EV 88.8 MPH)
Batting: RHB Vaclav Been 0-0: Called Strike
0-1: Foul Ball, location: 2F
0-2: Strikes out swinging
Bottom of the 5th over - 1 run, 1 hit, 0 errors, 0 left on base; San Francisco (APP) 6 - Philadelphia (APP) 1
TOP OF THE 6TH
San Francisco (APP) Giants batting - Pitching for Philadelphia (APP) Phillies : RHP Josh Howell
Batting: RHB Bob Schweiger 0-0: Fly out, F7 (Flyball, 78M, EV 98.8 MPH)
Batting: RHB Nick Wicker 0-0: Called Strike
0-1: Ball
1-1: Ball
2-1: Ball
3-1: Foul Ball, location: 2F
3-2: Strikes out swinging
Batting: RHB Cesar Martinez 0-0: Ball
1-0: Ball
2-0: Ball
3-0: Called Strike
3-1: Called Strike
3-2: Fly out, F4 (Flyball, 34D, EV 80.6 MPH)
Top of the 6th over - 0 runs, 0 hits, 0 errors, 0 left on base; San Francisco (APP) 6 - Philadelphia (APP) 1
BOTTOM OF THE 6TH
Philadelphia (APP) Phillies batting - Pitching for San Francisco (APP) Giants : RHP Rory Bornt
Batting: SHB Marco de Leon 0-0: Called Strike
0-1: Ball
1-1: Ball
2-1: Reached via error on a dropped throw from 1B, E1 (Groundball, 34, EV 88.1 MPH)
Batting: RHB Mike Bell 0-0: Called Strike
0-1: Foul Ball, location: 2F
0-2: Strikes out looking
Batting: RHB Danny Habermehl 0-0: Called Strike
0-1: Foul Ball, location: 2F
0-2: Ball
1-2: Foul Ball, location: 2F
1-2: Ball
2-2: Grounds into double play, 4-6-3 (Groundball, 4M, EV 91.9 MPH)
Bottom of the 6th over - 0 runs, 0 hits, 1 error, 0 left on base; San Francisco (APP) 6 - Philadelphia (APP) 1
TOP OF THE 7TH
San Francisco (APP) Giants batting - Pitching for Philadelphia (APP) Phillies : RHP Josh Howell
Pitching: RHP Tony Ferreira
Batting: SHB David Barona 0-0: Ball
1-0: Fly out, F9 (Flyball, 9LD, EV 103.1 MPH)
Batting: RHB Edwin Verdugo 0-0: Called Strike
0-1: Ball
1-1: Swinging Strike
1-2: Ball
2-2: Ball
3-2: Base on Balls
Batting: RHB Matt Shepard 0-0: Ball
Edwin Verdugo is caught stealing 2nd base 2-4
1-0: Called Strike
1-1: Ball
2-1: Swinging Strike
2-2: Foul Ball, location: 2F
2-2: Strikes out swinging
Top of the 7th over - 0 runs, 0 hits, 0 errors, 0 left on base; San Francisco (APP) 6 - Philadelphia (APP) 1
BOTTOM OF THE 7TH
Philadelphia (APP) Phillies batting - Pitching for San Francisco (APP) Giants : RHP Rory Bornt
Batting: LHB Matt Urbanek 0-0: Called Strike
0-1: Swinging Strike
0-2: Strikes out looking
Batting: RHB Gary Sampson 0-0: Called Strike
0-1: Ball
1-1: Ball
2-1: Swinging Strike
2-2: Foul Ball, location: 2F
2-2: Foul Ball, location: 2F
2-2: Strikes out swinging
Batting: RHB Juan Valadez 0-0: Called Strike
0-1: Swinging Strike
0-2: Strikes out looking
Bottom of the 7th over - 0 runs, 0 hits, 0 errors, 0 left on base; San Francisco (APP) 6 - Philadelphia (APP) 1
TOP OF THE 8TH
San Francisco (APP) Giants batting - Pitching for Philadelphia (APP) Phillies : RHP Tony Ferreira
Batting: RHB Sadataka Kuwahara 0-0: Called Strike
0-1: Ground out U3 (Groundball, 34, EV 88.8 MPH)
Batting: RHB Teruhide Horiuchi 0-0: Ball
1-0: Ground out 4-3 (Groundball, 4, EV 80.0 MPH)
Batting: RHB Alexis Andrade 0-0: Ball
1-0: Swinging Strike
1-1: DOUBLE (Line Drive, 7LM, EV 100.0 MPH)
Batting: RHB Bob Schweiger 0-0: Ground out 6-3 (Groundball, 6, EV 89.4 MPH)
Top of the 8th over - 0 runs, 1 hit, 0 errors, 1 left on base; San Francisco (APP) 6 - Philadelphia (APP) 1
BOTTOM OF THE 8TH
Philadelphia (APP) Phillies batting - Pitching for San Francisco (APP) Giants : RHP Rory Bornt
Batting: RHB Allen Deschamps 0-0: Ball
1-0: Ball
2-0: Called Strike
2-1: Ground out 4-3 (Groundball, 4S, EV 66.9 MPH)
Pitching: RHP Vicente Burger
Batting: LHB Jonathan Roman 0-0: Swinging Strike
0-1: Foul Ball, location: 2F
0-2: Ball
1-2: Foul Ball, location: 2F
1-2: Strikes out swinging
Batting: RHB Vaclav Been 0-0: Ball
1-0: Called Strike
1-1: Called Strike
1-2: Ground out 3-1 (Groundball, 34S, EV 88.1 MPH)
Bottom of the 8th over - 0 runs, 0 hits, 0 errors, 0 left on base; San Francisco (APP) 6 - Philadelphia (APP) 1
TOP OF THE 9TH
San Francisco (APP) Giants batting - Pitching for Philadelphia (APP) Phillies : RHP Tony Ferreira
Pitching: LHP Tim Lawson
Batting: RHB Nick Wicker 0-0: Ball
1-0: Foul Ball, location: 2F
1-1: Ball
2-1: Ground out 6-3 (Groundball, 6, EV 86.2 MPH)
Batting: RHB Cesar Martinez 0-0: Called Strike
0-1: Ball
1-1: Foul Ball, location: 2F
1-2: DOUBLE (Groundball, 5L, EV 101.2 MPH)
Batting: SHB David Barona 0-0: Called Strike
0-1: Swinging Strike
0-2: Ball
1-2: Ball
2-2: Ball
3-2: Foul Ball, location: 2F
3-2: Base on Balls
Batting: RHB Edwin Verdugo 0-0: Ball
1-0: Ball
2-0: Ball
3-0: Called Strike
3-1: Called Strike
3-2: Foul Ball, location: 2F
3-2: Base on Balls
Cesar Martinez to third
David Barona to second
Batting: RHB Matt Shepard 0-0: Called Strike
0-1: Ball
1-1: Called Strike
1-2: Foul Ball, location: 2F
1-2: Ball
2-2: Ball
3-2: Foul Ball, location: 2F
3-2: Grounds into double play, 4-6-3 (Groundball, 4M, EV 88.8 MPH)
Top of the 9th over - 0 runs, 1 hit, 0 errors, 2 left on base; San Francisco (APP) 6 - Philadelphia (APP) 1
BOTTOM OF THE 9TH
Philadelphia (APP) Phillies batting - Pitching for San Francisco (APP) Giants : RHP Vicente Burger
Batting: SHB Marco de Leon 0-0: Ball
1-0: Ball
2-0: Ball
3-0: Called Strike
3-1: Foul Ball, location: 2F
3-2: Foul Ball, location: 2F
3-2: Foul Ball, location: 2F
3-2: Ground out 4-3 (Groundball, 4, EV 83.8 MPH)
Batting: RHB Mike Bell 0-0: Ball
1-0: Ball
2-0: Called Strike
2-1: Ball
3-1: Foul Ball, location: 2F
3-2: Foul Ball, location: 2F
3-2: Foul Ball, location: 2F
3-2: Strikes out swinging, 2-3 out at first.
Batting: RHB Danny Habermehl 0-0: Ball
1-0: Foul Ball, location: 2F
1-1: Called Strike
1-2: Foul Ball, location: 2F
1-2: Ball
2-2: Ground out 5-3 (Groundball, 56S, EV 77.5 MPH)
Bottom of the 9th over - 0 runs, 0 hits, 0 errors, 0 left on base; San Francisco (APP) 6 - Philadelphia (APP) 1
Wednesday, June 22nd , 2022 - OOTP Baseball 23.4 Build 64